 Dungeon Crawl Stone Soup version 0.30-a0-799-g109b55a442 (webtiles) character file.

Game seed: 6126674591184768763

1317 cforsyth the Trooper (level 8, 0/64 HPs)
             Began as a Djinni Conjurer on Feb 20, 2023.
             Slain by a killer bee (6 damage)
             ... on level 5 of the Dungeon.
             The game lasted 00:08:48 (5307 turns).

cforsyth the Trooper (Djinni Conjurer)              Turns: 5307, Time: 00:08:49

Health: 0/64       AC:  3    Str:  6    XL:     8   Next: 90%
Gold:   376        EV: 12    Int: 21    God:
                   SH:  0    Dex: 16

rFire   + + .      SeeInvis .    z - +1 sling of Doqat {heavy, rCorr Dex+3}
rCold   x . .      Faith    .    (no shield)
rNeg    . . .      Spirit   .    (no body armour)
rPois   ∞          Reflect  .    h - +1 helmet
rElec   .          Harm     .    t - +0 cloak
rCorr   +          Rampage  .    (no gloves)
Will    .....                    (boots unavailable)
Stlth   ++                       (no amulet)
HPRegen 0.30/turn                (no ring)
MPRegen 0.00/turn                (no ring)

@: flying
A: sickness immunity, fire resistance 2, cold vulnerability 1, float, innate
caster, HP casting, extra vitality 1
a: no special abilities


You were on level 5 of the Dungeon.
You visited 1 branch of the dungeon, and saw 5 of its levels.

You collected 376 gold pieces.

Inventory:

Hand Weapons
 z - the +1 sling of Doqat (weapon) {heavy, rCorr Dex+3}
   (You found it on level 4 of the Dungeon)

   Dex:       It affects your dexterity (+3).
   rCorr:     It protects you from acid and corrosion.
Armour
 a - a +0 robe
 h - a +1 helmet (worn)
 n - a +1 robe of willpower
 s - a scarf of resistance
 t - a +0 cloak (worn)
Jewellery
 i - a ring of protection from cold
 l - an amulet of reflection
 q - a ring of positive energy
Wands
 r - a wand of paralysis (3)
Scrolls
 b - 3 scrolls of identify
Potions
 c - 3 potions of resistance {unknown}
 d - a potion of curing
 e - a potion of degeneration {unknown}
 f - a potion of haste {unknown}
 g - a potion of invisibility {unknown}
 j - 2 potions of heal wounds {unknown}
 k - a potion of cancellation {unknown}
 m - 3 potions of brilliance
 o - a potion of lignification {unknown}
 p - a potion of magic {unknown}
 u - a potion of berserk rage {unknown}


   Skills:
 + Level 7.0 Fighting
 - Level 2.1 Dodging
 - Level 1.5 Stealth
 + Level 6.4 Spellcasting


You knew the following spells:

 Your Spells              Type           Power      Damage    Failure   Level
a - Magic Dart            Conj           100%       1d8       1%          1
b - Searing Ray           Conj           66%        2d6       1%          2
c - Dazzling Flash        Conj/Hex       66%        N/A       1%          3
d - Fulminant Prism       Conj/Hex       16%        3d10      7%          4
e - Iskenderun's Mystic   Conj/Tloc      33%        2d8       7%          4
f - Freeze                Ice            100%       1d10      1%          1
g - Blink                 Tloc           66%        N/A       1%          2
h - Vampiric Draining     Necr           33%        2d8       1%          3
Your spell library was empty.

Dungeon Overview and Level Annotations

Branches:
Dungeon (5/15)
 Temple: D:4-7

Altars:
Wu Jian

Shops:
D:4 (


Innate Abilities, Weirdness & Mutations

You are immune to sickness and miasma.
You are immune to poison.
Your flesh is very heat resistant. (rF++)
You are vulnerable to cold. (rC-)
You float through the air rather than walking.
You learn spells naturally, not from books.
Your magical power is your life essence.
You have superior vitality. (+4 MHP)


Message History

The killer bee is knocked back by the mystic blast.
Casting: Iskenderun's Mystic Blast (dangerous; 8% risk of failure)
Confirm with . or Enter, or press ? or * to list all spells.
You erupt in a blast of force!
The mystic blast hits the killer bee.
The killer bee is almost dead.
The killer bee is knocked back by the mystic blast.
Casting: Iskenderun's Mystic Blast (dangerous; 8% risk of failure)
Confirm with . or Enter, or press ? or * to list all spells.
You erupt in a blast of force!
The mystic blast hits Sigmund!
Sigmund is almost dead.
The mystic blast hits the killer bee.
You kill the killer bee!
Sigmund hits you from afar with a +0 scythe.
* * * LOW HITPOINT WARNING * * *
Casting: Iskenderun's Mystic Blast (dangerous; 8% risk of failure)
Confirm with . or Enter, or press ? or * to list all spells.
You erupt in a blast of force!
The mystic blast hits Sigmund.
You kill Sigmund!
* * * LOW HITPOINT WARNING * * *
Your Fighting skill increases to level 7!
Okay, then.
Things that are here:
a +0 robe; a killer bee corpse
Things that are here:
a +0 scythe; a +1 robe of willpower; a killer bee corpse
n - a +1 robe of willpower The killer bee buzzes angrily.
You start removing your armour.
You continue taking off your +0 robe. x3
The killer bee barely misses you. The killer bee completely misses you.
You continue taking off your +0 robe.
The killer bee barely misses you. The killer bee stings you.
* * * LOW HITPOINT WARNING * * *
You finish taking off your +0 robe.
Casting: Iskenderun's Mystic Blast (dangerous; 7% risk of failure)
Confirm with . or Enter, or press ? or * to list all spells.
You erupt in a blast of force!
The mystic blast hits the killer bee.
The killer bee is moderately wounded.
* * * LOW HITPOINT WARNING * * *
The killer bee completely misses you. The killer bee stings you.
You die...

.. # .. # ### .. .
..# .# # #.# .# #
#.# .# # #.#
#########.# #####.#
#......[@.#
....#.###.#######y#
###......#.# .# #
###.###.## .# . #.#
## .# #. #.# .# .#
#.. .# # ### .#


You could see a killer bee.

Vanquished Creatures
  Grinder (D:3)
  Sigmund (D:5)
  A necrophage (D:5)
  A scorpion (D:4)
  4 killer bees (D:5)
  An orc priest (D:5)
  4 hounds
  An iguana (D:5)
  Ijyb (D:3)
  Natasha (thrice) (D:2)
  4 orc wizards
  Robin (D:1)
  7 gnolls
  8 adders
  A white imp (D:5)
  A worm (D:1)
  3 dart slugs
  9 orcs
  8 bats
  7 endoplasms
  3 giant cockroaches
  24 goblins
  9 hobgoblins
  5 jackals (D:4)
  A quokka (D:4)
  11 ball pythons
  2 frilled lizards
  7 kobolds
  4 rats
133 creatures vanquished.

Vanquished Creatures (others)
  16 fulminant prisms
  4 toadstools (D:1)
20 creatures vanquished.

Grand Total: 153 creatures vanquished

Notes
Turn   | Place    | Note
-------+----------+-------------------------------------------
     0 | D:1      | cforsyth the Djinni Conjurer began the quest for the Orb.
     0 | D:1      | cforsyth set off with the following spells memorised: Magic
                  | Dart, Searing Ray, Dazzling Flash, Fulminant Prism,
                  | Iskenderun's Mystic Blast.
     0 | D:1      | Reached XP level 1. HP: 15/15 MP: 0/0
    98 | D:1      | Found a faded altar of an unknown god.
   115 | D:1      | Reached XP level 2. HP: 20/22 MP: 0/0
   117 | D:1      | Reached skill level 1 in Fighting
   510 | D:1      | Reached XP level 3. HP: 26/27 MP: 0/0
   510 | D:1      | Learned a level 1 spell: Freeze
  1017 | D:2      | Noticed Robin
  1564 | D:1      | Reached skill level 2 in Fighting
  1587 | D:1      | Killed Robin
  1588 | D:1      | Reached XP level 4. HP: 5/33 MP: 0/0
  2268 | D:2      | Reached XP level 5. HP: 36/40 MP: 0/0
  2268 | D:2      | Learned a level 2 spell: Blink
  2413 | D:2      | Reached skill level 3 in Fighting
  2442 | D:2      | Noticed Natasha
  2530 | D:2      | Killed Natasha
  2603 | D:2      | Noticed Natasha
  2610 | D:2      | Killed Natasha
  2611 | D:2      | Reached XP level 6. HP: 30/47 MP: 0/0
  2679 | D:2      | Noticed Natasha
  2682 | D:2      | Killed Natasha
  3001 | D:3      | Noticed Ijyb
  3009 | D:3      | Killed Ijyb
  3010 | D:3      | Reached skill level 4 in Fighting
  3207 | D:3      | Noticed Grinder
  3221 | D:3      | Killed Grinder
  3222 | D:3      | Reached skill level 5 in Spellcasting
  3222 | D:3      | Reached XP level 7. HP: 17/53 MP: 0/0
  3222 | D:3      | Learned a level 3 spell: Vampiric Draining
  3229 | D:3      | Reached skill level 5 in Fighting
  3428 | D:3      | Found an ornate altar of the Wu Jian Council.
  3787 | D:4      | Found Odghovac's Weapon Emporium.
  4111 | D:4      | Reached XP level 8. HP: 29/60 MP: 0/0
  4350 | D:4      | Identified the +1 sling of Doqat {heavy, rCorr Dex+3}
  4994 | D:5      | Entered Level 5 of the Dungeon
  5065 | D:5      | Reached skill level 6 in Fighting
  5292 | D:5      | Noticed Sigmund
  5298 | D:5      | Killed Sigmund
  5299 | D:5      | Reached skill level 7 in Fighting
  5307 | D:5      | Slain by a killer bee

Illustrated notes

Levels and vault maps discovered:
D:1:      dpeg_arrival_lava_temple_mockup, layout_basic,
          shapermc_ecumenical_altar_gd, nicolae_eternal_life, grunt_decor_cap,
          minmay_gold_behind_fungi
D:2:      layout_rooms, kennysheep_pointless_box, grunt_ministairs_14,
          uniq_robin, uniq_natasha
D:3:      wad_river_or_something, layout_basic,
          pdpol_wu_jian_five_deadly_venoms, uniq_ijyb, uniq_grinder
D:4:      minmay_inner_zag, layout_basic, nicolae_stop_n_shop_2
D:5:      layout_loops_ring, enter_ossuary_1, uniq_sigmund

Skill      XL: |  1  2  3  4  5  6  7  8 |
---------------+-------------------------+-----
Fighting       | 1 2 3 4 5 7 |  7.0
Spellcasting   | 4 5 6 |  6.4
Dodging        | |  2.1
Stealth        | |  1.5

Action                     |  1- 3 |  4- 6 |  7- 9 || total
---------------------------+-------+-------+-------++-------
  Melee: Unarmed           |     1 |       |       ||     1
   Fire: Sling             |       |       |    49 ||    49
   Cast: Magic Dart        |    67 |   108 |    50 ||   225
         Iskenderun's Myst |       |     8 |    17 ||    25
         Fulminant Prism   |       |     8 |     8 ||    16
    Use: Scroll            |       |       |     9 ||     9
 Armour: Robe              |     2 |     5 |    12 ||    19
  Dodge: Dodged            |    15 |    20 |    41 ||    76

Table legend: (Time is in decaauts)
 A = Elapsed time spent in this place.
 B = Non-inter-level travel time spent in this place.
 C = Inter-level travel time spent in this place.
 D = Time resting spent in this place.
 E = Time spent auto-exploring this place.
 F = Levels seen in this place.
 G = Mean time per level.
                   A        B        C        D        E       F      G
               +--------+--------+--------+--------+--------+-----+--------+
         Total |   5367 |   5207 |    160 |    894 |   3447 |   5 | 1073.4 |
       Dungeon |   5367 |   5207 |    160 |    894 |   3447 |   5 | 1073.4 |
               +--------+--------+--------+--------+--------+-----+--------+

Top non-repeatable levels by time:
     D:1: 2011 daAuts
     D:4: 1257 daAuts
     D:3: 969 daAuts
     D:2: 813 daAuts
     D:5: 315 daAuts
